 Dungeon Crawl Stone Soup version 0.31-a0-716-gc7603755dd (webtiles) character file.

Game seed: 12505456582632477285

3775 Pooter the Grappler (level 9, -7/80 (88) HPs)
             Began as a Troll Shapeshifter on Sept 10, 2023.
             Was a Believer of Okawaru.
             Mangled by a gnoll
             ... wielding a +2 halberd of electrocution
              (11 damage)
             ... in a bailey.
             The game lasted 00:41:41 (5765 turns).

Pooter the Grappler (Troll Shapeshifter)            Turns: 5765, Time: 00:41:42

HP:   -7/80 (88)    AC:  4    Str: 26    XL:     9   Next: 95%
MP:   6/8           EV: 12    Int:  6    God:    Okawaru [**....]
Gold: 484           SH:  0    Dex: 15    Spells: 8/8 levels left

rFire   + .          .
                       - Unarmed
rCold   + . .        (shield currently unavailable)
rNeg    . . .        x - +0 robe {rC+}
rPois   .            (helmet restricted)
rElec   .            (no cloak)
rCorr   .            (gloves unavailable)
SInv    .            (boots unavailable)
Will    .....        (no amulet)
Stlth   +            e - +6 ring of dexterity
HPRegen 1.13/turn    F - ring of protection from fire
MPRegen 0.11/turn

%: no passive effects
@: brilliant, flux-form, heroic, glowing, drained
A: glow, contaminating, large, unfitting armour, claws 3, regeneration 1, shaggy
fur 1, tough skin 1, weak 1, wild magic 1, MP-powered wands
a: Begin Untransformation, Renounce Religion, Heroism


You were in a bailey.
You worshipped Okawaru.
Okawaru was pleased with you.
You were something dangerously unstable.
You visited 2 branches of the dungeon, and saw 9 of its levels.
You also visited: Bailey.

You collected 484 gold pieces.

Inventory:

Hand Weapons
 b - a +0 orcbow
   (You took it off a centaur on level 7 of the Dungeon)
 y - a +0 morningstar
   (You took it off a wight on level 6 of the Dungeon)
 B - a +0 sling
   (You found it on level 1 of the Dungeon)
Missiles
 a - 4 curare-tipped darts
 k - 4 boomerangs (quivered)
 v - 6 poisoned darts
 D - 5 silver javelins
 Q - 68 stones
Armour
 x - a +0 robe of cold resistance (worn)
   (You took it off Pikel on level 4 of the Dungeon)
Jewellery
 e - a +6 ring of dexterity (left claw)
   (You found it on level 1 of the Dungeon)
 F - a ring of protection from fire (right claw)
   (You found it on level 6 of the Dungeon)
Talismans
 c - a beast talisman
 q - a blade talisman
   (You found it on level 2 of the Dungeon)
 w - a flux talisman (active)
Wands
 d - a wand of iceblast (19)
   (You found it on level 3 of the Dungeon)
 l - a wand of polymorph (6)
   (You found it on level 4 of the Dungeon)
Scrolls
 i - a scroll of vulnerability {unknown}
 m - a scroll of enchant weapon
 p - 3 scrolls of poison {!r}
 t - 5 scrolls of teleportation {@r4}
 u - a scroll of revelation
 C - a scroll of torment {unknown}
Potions
 f - 2 potions of lignification {!q}
 g - 7 potions of curing {@q1}
 h - 4 potions of haste {@q3}
 j - 3 potions of attraction {!q}
 n - 4 potions of heal wounds {@q2}
 r - a potion of cancellation {unknown}
 s - a potion of enlightenment {unknown}
 z - a potion of might {unknown}
 A - 2 potions of magic {unknown}
 E - a potion of berserk rage {unknown}


   Skills:
 + Level 5.2(10.2) Fighting
 + Level 1.4(6.4) Ranged Weapons
 - Level 1.5(6.5) Dodging
 * Level 9.5(14.5) Unarmed Combat
 * Level 8.7 Shapeshifting


You had 8 spell levels left.
You didn't know any spells.
Your spell library contained the following spells:

 Spells                   Type           Power      Damage    Failure   Level
 Ensorcelled Hibernation  Hex/Ice        0%         N/A       67%         2
 Jinxbite                 Hex            0%         N/A       67%         2
 Lesser Beckoning         Tloc           0%         N/A       67%         2
 Gell's Gravitas          Tloc           0%         N/A       88%         3
 Ozocubu's Armour         Ice            0%         N/A       88%         3
 Teleport Other           Tloc           0%         N/A       88%         3
 Anguish                  Hex/Necr       0%         N/A       99%         4
 Metabolic Englaciation   Hex/Ice        0%         N/A       100%        5
 Simulacrum               Ice/Necr       Unusable   N/A       N/A         6

Dungeon Overview and Level Annotations

Branches:
Dungeon (8/15) Zot: 26890  Temple (1/1) D:5 Zot: 5980  Bailey (1/1) Zot: 5732
   Lair: D:8-11

Altars:
Ashenzari
Dithmenos
Elyvilon
Fedhas
Gozag
Hepliaklqana
Kikubaaqudgha
Makhleb
Okawaru
Qazlal
Ru
Sif Muna
Trog
Vehumet
Wu Jian
Yredelemnul
Zin
The Shining One

Shops:
D:8 =

Annotations:
D:4 Sigmund
D:5 1 runed translucent door, Crazy Yiuf


Innate Abilities, Weirdness & Mutations

You are something dangerously unstable.
You glow with magical radiation, making you easy to see and hit.
Foes you strike become dangerously contaminated with magical radiation.
You are incapable of wielding weapons or throwing items.
You are too large for most types of armour.
You have claws for hands.
Your natural rate of healing is unusually fast.
You are covered in fur. (AC +1)
You have tough skin. (AC +1)
You are weak. (Str -2)
Your spells are a little harder to cast, but a little more powerful.
You expend magic power (3 MP) to strengthen your wands.


Message History

You claw the orc!
You kill the orc!
Okawaru accepts your kill.
Things that are here:
a +0 halberd; a +0 scale mail
There is an open door here.
There is an open door here.
You open the door.
A gnoll comes into view.
It is wielding a +1 halberd of electrocution.
The gnoll shouts!
You hear a shout! x4
The gnoll barely misses you.
An orc knight and 2 gnolls come into view.
A gnoll is wielding a +1 halberd of electrocution.
A gnoll is wielding a +2 halberd of electrocution.
Found five items.
The gnoll shouts!
The orc knight shouts!
The gnoll shouts!
The gnoll hits you with a +1 halberd of electrocution.
The orc knight moves out of view.
The gnoll moves out of view.
There is an open door here.
You claw the gnoll!
The gnoll begins to glow.
You barely miss the gnoll.
The gnoll hits you with a +1 halberd of electrocution!
You are electrocuted!
You scratch the gnoll.
You kill the gnoll!
Okawaru accepts your kill. The gnoll closely misses you.
Found 2 potions of haste.
The gnoll hits you with a +1 halberd of electrocution!
The orc knight barely misses you.
Things that are here:
a +1 halberd of electrocution; a gnoll corpse You gain the combat prowess of a mighty hero.
The gnoll hits you with a +1 halberd of electrocution!
* * * LOW HITPOINT WARNING * * *
The orc knight hits you from afar with a +0 halberd!!
* * * LOW HITPOINT WARNING * * *
You mangle the gnoll!!
You kill the gnoll!
Okawaru accepts your kill.
The orc knight hits you from afar with a +0 halberd!
* * * LOW HITPOINT WARNING * * *
Unknown command.
Found four items.
The gnoll barely misses you. The gnoll closely misses you.
The orc knight barely misses you.
There is an open door, spattered with blood here.
Things that are here:
a +1 halberd of electrocution; a gnoll corpse You claw the orc knight!
The orc knight begins to glow.
The gnoll hits you from afar with a +2 halberd of electrocution!
You die...

##### ### ###
##)'.###)###)#
#B###'##'##'##
#!.!go##
##.....##
#.!.!g
###.....###
+!.⌠.!
#.'..⌠..')#
#.!.!.
###.....###
#!.!.!
#.....##
+##'##+#
#'##'##'## #.
#g#.# #.###.#
### ### #####
### #)#


You could see an orc knight (contam) and 2 gnolls.

Vanquished Creatures
  Pikel (D:4)
  Joseph (D:8)
  Grinder (D:3)
  A wyvern (D:7)
  A wraith (D:6)
  2 steam dragons
  Edmund (D:4)
  An orc warrior (D:6)
  2 sky beasts (D:7)
  Pargi (D:3)
  An ice beast (D:7)
  A black bear (D:4)
  An ogre (D:6)
  A centaur (D:7)
  2 phantoms
  2 lemures (D:4)
  3 kobold brigands
  Blork the orc (D:5)
  3 scorpions
  4 wights (D:6)
  3 howler monkeys
  3 hounds
  3 jellies
  An orc priest (D:4)
  2 iguanas
  2 orc wizards (D:4)
  9 gnolls
  7 adders
  2 white imps (D:6)
  2 ufetubi
  2 worms
  2 dart slugs (D:3)
  23 orcs
  14 ball pythons
  7 bats
  5 endoplasms
  5 giant cockroaches
  10 goblins
  5 hobgoblins
  5 quokkas
  4 frilled lizards
  16 kobolds
  8 rats
171 creatures vanquished.

Notes
Turn   | Place    | Note
-------+----------+-------------------------------------------
     0 | D:1      | Pooter the Troll Shapeshifter began the quest for the Orb.
     0 | D:1      | Reached XP level 1. HP: 18/18 MP: 0/0
   142 | D:1      | Reached skill level 1 in Fighting
   152 | D:1      | Reached XP level 2. HP: 27/27 MP: 1/1
   560 | D:1      | Found a faded altar of an unknown god.
   884 | D:2      | Reached XP level 3. HP: 33/33 MP: 2/2
  1619 | D:3      | Noticed Pargi
  1665 | D:3      | Noticed Grinder
  1675 | D:3      | Reached XP level 4. HP: 41/41 MP: 3/3
  1684 | D:3      | Paralysed by Grinder for 5 turns
  1692 | D:3      | HP: 2/41 [Grinder (1)]
  1694 | D:3      | Killed Grinder
  1695 | D:3      | Reached skill level 4 in Unarmed Combat
  1695 | D:3      | Reached XP level 5. HP: 5/49 MP: 4/4
  1856 | D:3      | Killed Pargi
  1857 | D:3      | Reached skill level 5 in Unarmed Combat
  1857 | D:3      | Reached XP level 6. HP: 23/58 MP: 5/5
  2661 | D:4      | Reached skill level 5 in Shapeshifting
  2667 | D:4      | Noticed Edmund
  2676 | D:4      | Killed Edmund
  2677 | D:4      | Reached XP level 7. HP: 66/66 MP: 6/6
  2903 | D:4      | Reached skill level 6 in Unarmed Combat
  2965 | D:4      | Noticed Pikel
  2978 | D:4      | Killed Pikel
  2979 | D:4      | Reached XP level 8. HP: 32/75 MP: 7/7
  3075 | D:4      | Gained mutation: You are strong-willed. (Will+) [potion of
                  | mutation]
  3075 | D:4      | Gained mutation: Potions are less effective at restoring
                  | your health. [potion of mutation]
  3075 | D:4      | Gained mutation: Your mind is acute. (Int +4, Str/Dex -1)
                  | [potion of mutation]
  3076 | D:4      | Lost mutation: Potions are less effective at restoring your
                  | health. [potion of mutation]
  3076 | D:4      | Lost mutation: Your mind is acute. (Int +4, Str/Dex -1)
                  | [potion of mutation]
  3076 | D:4      | Lost mutation: You are strong-willed. (Will+) [potion of
                  | mutation]
  3076 | D:4      | Gained mutation: You are partially covered in iridescent
                  | scales. (AC +2) [potion of mutation]
  3076 | D:4      | Gained mutation: You occasionally lose the ability to read
                  | scrolls when taking damage. [potion of mutation]
  3077 | D:4      | Lost mutation: You are partially covered in iridescent
                  | scales. (AC +2) [potion of mutation]
  3077 | D:4      | Lost mutation: You occasionally lose the ability to read
                  | scrolls when taking damage. [potion of mutation]
  3077 | D:4      | Gained mutation: You are partially covered in iridescent
                  | scales. (AC +2) [potion of mutation]
  3077 | D:4      | Gained mutation: Your system is resistant to poisons.
                  | (rPois) [potion of mutation]
  3077 | D:4      | Gained mutation: You are partially covered in large bone
                  | plates. (SH +4) [potion of mutation]
  3077 | D:4      | Gained mutation: You expend magic power (3 MP) to
                  | strengthen your wands. [potion of mutation]
  3235 | D:4      | Noticed Sigmund
  3276 | D:5      | Entered Level 5 of the Dungeon
  3288 | D:5      | Reached skill level 7 in Unarmed Combat
  3353 | D:5      | Found a runed translucent door.
  3354 | D:5      | Noticed Crazy Yiuf
  3498 | D:5      | Found a blossoming altar of Fedhas.
  3533 | D:5      | Found a staircase to the Ecumenical Temple.
  3541 | Temple   | Entered the Ecumenical Temple
  3551 | Temple   | Became a worshipper of Warmaster Okawaru
  3586 | D:5      | Noticed Blork the orc
  3602 | D:5      | Killed Blork the orc
  4183 | D:6      | Reached * piety under Okawaru
  4184 | D:6      | Reached skill level 8 in Unarmed Combat
  4289 | D:6      | Reached XP level 9. HP: 85/85 MP: 8/8
  4680 | D:7      | Reached skill level 9 in Unarmed Combat
  4826 | D:7      | Reached ** piety under Okawaru
  4827 | D:7      | Reached skill level 5 in Fighting
  4894 | D:7      | Reached skill level 1 in Ranged Weapons
  5398 | D:8      | Found a shadowy altar of Dithmenos.
  5434 | D:8      | Found Rumn's One-of-a-Kind Rings.
  5436 | D:8      | Noticed Joseph
  5450 | D:8      | Killed Joseph
  5475 | D:8      | Found a flagged portal.
  5489 | Bailey   | Entered a bailey
  5717 | Bailey   | Lost mutation: You are partially covered in iridescent
                  | scales. (AC +2) [potion of mutation]
  5717 | Bailey   | Lost mutation: Your system is resistant to poisons. (rPois)
                  | [potion of mutation]
  5717 | Bailey   | Gained mutation: You have sharp toenails. [potion of
                  | mutation]
  5717 | Bailey   | Gained mutation: Your magical capacity is low. (-10% MP)
                  | [potion of mutation]
  5718 | Bailey   | Lost mutation: Your magical capacity is low. (-10% MP)
                  | [potion of mutation]
  5718 | Bailey   | Lost mutation: You are partially covered in large bone
                  | plates. (SH +4) [potion of mutation]
  5718 | Bailey   | Lost mutation: You have sharp toenails. [potion of
                  | mutation]
  5718 | Bailey   | Gained mutation: You are weak. (Str -2) [potion of
                  | mutation]
  5718 | Bailey   | Gained mutation: Your spells are a little harder to cast,
                  | but a little more powerful. [potion of mutation]
  5757 | Bailey   | Noticed an orc knight
  5763 | Bailey   | HP: 2/79 [orc knight/+0 halberd (15)]
  5765 | Bailey   | Mangled by a gnoll

Illustrated notes

Levels and vault maps discovered:
D:1:      shiori_shiawase, layout_loops_ring, shapermc_ecumenical_altar_petra,
          supply_closet_lemuel, chequers_serial_rivers_small_b,
          grunt_decor_fettered
D:2:      layout_basic, st_stairs_11
D:3:      layout_loops_ring, uniq_pargi, uniq_grinder
D:4:      layout_basic, mainiacjoe_overflow_big_doors, minmay_crystal_room,
          uniq_edmund, uniq_sigmund, uniq_pikel
D:5:      layout_basic, lemuel_round_altar, minmay_temple_entry_fiery,
          uniq_crazy_yiuf_cottage, uniq_blork_the_orc
D:6:      layout_rooms
D:7:      layout_loops_ring, kennysheep_path_1, lemuel_flame_loot_1
D:8:      minmay_the_grid_octo_tiled_squarecenter
          [minmay_the_grid_octo_odd_swirl, minmay_the_grid_octo_77,
          minmay_the_grid_octo_clover_2, minmay_the_grid_octo_focus,
          minmay_the_grid_square_5x5_megaprize_checkered,
          minmay_the_grid_square_5x5_doubleslash,
          minmay_the_grid_square_5x5_three_small,
          minmay_the_grid_square_5x5_dogpile, minmay_the_grid_square_5x5_eight],
          layout_basic, general_overflow_altar, enter_bailey_7,
          nicolae_shop_unique_rings, centaur_isle, uniq_joseph, uniq_amaemon
Temple:   eino_temple_scatter_basement
Bailey:   bailey_polearm_nasty_gnolls, bailey

Skill      XL: |  1  2  3  4  5  6  7  8  9 |
---------------+----------------------------+-----
Fighting       | 1 2 3 4 5 |  5.2
Unarmed Combat | 4 5 6 8 9 |  9.5
Shapeshifting  | 4 5 6 7 8 |  8.7
Ranged Weapons | 1 |  1.4
Dodging        | |  1.5

Action                     |  1- 3 |  4- 6 |  7- 9 || total
---------------------------+-------+-------+-------++-------
  Melee: Unarmed           |    55 |    39 |   241 ||   335
         Punch             |     1 |     1 |     2 ||     4
   Fire: Sling             |    65 |    38 |    42 ||   145
  Throw: Boomerang         |       |     5 |     3 ||     8
         Dart              |       |       |     5 ||     5
 Invoke: Heroism           |       |       |     2 ||     2
  Evoke: Wand              |       |     4 |       ||     4
    Use: Scroll            |     3 |     1 |    10 ||    14
         Potion            |       |       |     6 ||     6
   Stab: Distracted        |     1 |       |       ||     1
         Sleeping          |       |       |     1 ||     1
 Armour: Animal skin       |    48 |    46 |    28 ||   122
         Robe              |       |       |   154 ||   154
  Dodge: Dodged            |    42 |    23 |   151 ||   216
  Block: Other             |       |       |    38 ||    38
   Form: Blade             |       |       |     2 ||     2
         Flux              |       |       |     2 ||     2
         Beast             |       |       |     1 ||     1

Table legend: (Time is in decaauts)
 A = Elapsed time spent in this place.
 B = Non-inter-level travel time spent in this place.
 C = Inter-level travel time spent in this place.
 D = Time resting spent in this place.
 E = Time spent auto-exploring this place.
 F = Levels seen in this place.
 G = Mean time per level.
                   A        B        C        D        E       F      G
               +--------+--------+--------+--------+--------+-----+--------+
         Total |   5760 |   5590 |    170 |    623 |   3492 |  10 |  576.0 |
       Dungeon |   5473 |   5311 |    162 |    576 |   3491 |   8 |  684.1 |
        Temple |     19 |     11 |      8 |      0 |      0 |   1 |   19.0 |
        Bailey |    267 |    267 |      0 |     47 |      1 |   1 |  267.0 |
               +--------+--------+--------+--------+--------+-----+--------+

Top non-repeatable levels by time:
     D:3: 927 daAuts
     D:1: 886 daAuts
     D:7: 803 daAuts
     D:2: 766 daAuts
     D:5: 735 daAuts
     D:4: 721 daAuts
     D:6: 523 daAuts
  Bailey: 267 daAuts
     D:8: 109 daAuts
  Temple: 19 daAuts
